AoeStats
← ElectricTaz

Black Forest

509460801Analyzed
3v3 RM · 6d ago on Sep 26, 2026· 46m 54s· 6 players
Game mode
Random Map
Map size
Normal (6 player)
Population
200
Speed
Normal
Resources
Standard
Victory
Conquest
Starting age
Dark Age
Ending age
Imperial Age
RankedLock teamsTeams togetherTeam positionsShared explorationLock speedFull tech treeHidden civsTurbo modeCheats
Victory
Defeat
🇨🇱 Cumans · Chile
1231
+12
🇺🇸 Khitans · United States
1202
+13
🇰🇿 Saxons · Kazakhstan
1193
+13
🇫🇷 Hindustanis · France
1161
-13
🇨🇦 Bohemians · Canada
1132
-13
🇺🇸 Persians · United States
1121
-12
Murdock
0:50 Loom
12:18 Feudal Age
17:02 Castle Age
15:25 Double-Bit Axe
15:51 Domestication
18:26 Wheelbarrow
18:01 Fishing Lines
23:26 Bow Saw
24:10 Stone Mining
25:25 Gillnets
27:22 Scale Mail Armor
27:32 Forging
27:25 Fletching
27:49 Masonry
28:00 Ballistics
31:14 Hand Cart
31:11 Gold Mining
34:26 Imperial Age
31:42 Town Watch
34:33 Squires
34:19 Arson
34:20 Gambesons
34:53 Chain Mail Armor
34:27 Pikeman
35:44 Lamellar Armor
37:01 Iron Casting
37:46 Plate Mail Armor
37:56 Conscription
39:16 Elite Liao Dao
41:24 Stone Shaft Mining
40:51 Town Patrol
42:38 Two-Man Saw
41:45 Pastoralism
42:22 Siege Engineers
46:49 Transhumance
45:49 Capped Ram
yopponti
0:51 Loom
12:22 Feudal Age
17:25 Castle Age
16:03 Double-Bit Axe
16:10 Stone Mining
29:46 Imperial Age
28:25 Fletching
29:23 Bodkin Arrow
33:13 Bracer
36:39 Ballistics
36:30 Squires
36:37 Scale Mail Armor
36:34 Town Watch
37:10 Guard Tower
37:18 Murder Holes
38:01 Forging
38:22 Conscription
38:17 Arrowslits
39:11 Block Printing
39:57 Chain Mail Armor
40:17 Iron Casting
40:31 Hoardings
41:16 Keep
40:47 Elite Varangian Guard
43:35 Siege Engineers
43:41 Masonry
44:31 Chemistry
45:01 Plate Mail Armor
44:38 Horse Collar
47:44 Architecture
rijuant
6:32 Loom
8:41 Feudal Age
9:31 Double-Bit Axe
9:31 Horse Collar
10:54 Wheelbarrow
19:26 Castle Age
17:39 Gold Mining
18:04 Town Watch
18:27 Stone Mining
19:29 Fletching
20:32 Bow Saw
21:46 Hand Cart
22:21 Bodkin Arrow
25:08 Ballistics
24:50 Padded Archer Armor
27:57 Imperial Age
26:12 Gold Shaft Mining
26:36 Leather Archer Armor
27:11 Steppe Husbandry
27:37 Bloodlines
29:15 Ring Archer Armor
29:53 Chemistry
29:23 Conscription
29:33 Elite Kipchak
30:02 Light Cavalry
31:01 Heavy Plow
31:55 Cuman Mercenaries
32:20 Hussar
33:27 Scale Barding Armor
33:32 Forging
35:46 Chain Barding Armor
37:37 Plate Barding Armor
40:38 Cavalier
42:13 Paladin
43:31 Iron Casting
45:24 Blast Furnace
47:30 Two-Man Saw
47:03 Crop Rotation
Willy le chat orangé
0:30 Loom
12:25 Feudal Age
12:51 Double-Bit Axe
13:04 Town Watch
20:28 Castle Age
19:06 Arson
19:50 Forging
20:46 Pikeman
21:27 Squires
22:18 Fervor
31:08 Chemistry
31:12 Fortified Wall
31:37 Caravan
35:31 Wheelbarrow
36:06 Iron Casting
39:24 Imperial Age
38:08 Scale Mail Armor
40:06 Hand Cart
ElectricTaz
0:42 Loom
11:27 Feudal Age
11:54 Double-Bit Axe
19:30 Castle Age
17:41 Horse Collar
17:59 Stone Mining
18:09 Fletching
18:48 Gold Mining
20:40 Wheelbarrow
20:25 Bow Saw
21:15 Stone Shaft Mining
21:16 Gold Shaft Mining
21:22 Gold Shaft Mining
26:35 Kamandaran
27:20 Heavy Plow
27:48 Crossbowman
33:40 Imperial Age
31:28 Hand Cart
32:10 Thumb Ring
32:30 Ballistics
33:57 Padded Archer Armor
34:45 Conscription
37:47 Chemistry
37:59 Masonry
38:56 Two-Man Saw
38:16 Bodkin Arrow
38:36 Leather Archer Armor
38:32 Forging
43:29 Conscription
toul35
11:06 Feudal Age
13:32 Fishing Lines
16:03 Castle Age
14:25 Double-Bit Axe
17:48 Bow Saw
18:07 Demolition Ship
19:13 Loom
19:43 Demolition Ship
20:40 Gillnets
22:23 Gold Mining
22:25 Stone Mining
23:32 Wheelbarrow
22:49 Horse Collar
28:47 Imperial Age
27:28 Caravan
29:38 Husbandry
29:48 Bloodlines
29:50 Fletching
30:12 Forging
30:56 Gold Shaft Mining
30:56 Stone Shaft Mining
30:57 Scale Barding Armor
30:13 Heavy Camel Rider
30:59 Town Watch
31:38 Hand Cart
32:42 Iron Casting
32:28 Chain Barding Armor
32:43 Bodkin Arrow
32:38 Imperial Camel Rider
35:23 Blast Furnace
35:13 Plate Barding Armor
35:52 Bracer
36:50 Padded Archer Armor
37:04 Elite Skirmisher
41:18 Chemistry
40:35 Leather Archer Armor
41:14 Ballistics
43:13 Ring Archer Armor
Connection lost

Rejoining the realm…

Still unreachable

The connection could not be restored.

Session expired

The server has moved on; the page needs a fresh start.